 Dungeon Crawl Stone Soup version 0.23.0 (webtiles) character file.

Game seed: 8836199045048896530

163 Infinimo the Cudgeler (level 5, -1/32 HPs)
             Began as a Gargoyle Gladiator on Feb 16, 2019.
             Killed by divine providence
             ... invoked by an orc priest
              (11 damage)
             ... on level 3 of the Dungeon.
             The game lasted 00:03:33 (2854 turns).

Infinimo the Cudgeler (Gargoyle Gladiator)          Turns: 2854, Time: 00:03:34

Health: -1/32      AC:  9    Str: 19    XL:     5   Next: 44%
Magic:  5/5        EV: 12    Int:  8    God:
Gold:   124        SH:  4    Dex: 11    Spells: 4/4 levels left

rFire    . . .     SeeInvis .   a - +0 flail
rCold    . . .     Gourm    +   m - +0 buckler
rNeg     + . .     Faith    .   b - +0 leather armour
rPois    ∞         Spirit   .   v - +1 helmet
rElec    +         Reflect  .   (no cloak)
rCorr    .         Harm     .   (no gloves)
MR       .....                  (no boots)
Stlth    +.........             k - amulet of the gourmand
HPRegen  0.10/turn              (no ring)
MPRegen  0.09/turn              (no ring)

@: no status effects
A: negative energy resistance 1, electricity resistance, unbreathing,
petrification resistance, rot immunity, AC +4
a: no special abilities


You were on level 3 of the Dungeon.
You were not hungry.

You visited 1 branch of the dungeon, and saw 3 of its levels.

You collected 124 gold pieces.

Inventory:

Hand Weapons
 a - a +0 flail (weapon)
Missiles
 d - 3 throwing nets (quivered)
Armour
 b - a +0 leather armour (worn)
 m - a +0 buckler (worn)
 v - a +1 helmet (worn)
Jewellery
 k - an amulet of the gourmand (around neck)
Wands
 t - a wand of scattershot (6)
Scrolls
 c - a scroll of noise {unknown}
 g - a scroll of magic mapping {unknown}
 l - a scroll of random uselessness
 u - a scroll of identify
 w - a scroll of immolation {unknown}
Potions
 e - 2 potions of brilliance
 h - a potion of magic {unknown}
 i - 2 potions of degeneration
 j - a potion of flight {unknown}
 n - a potion of curing {unknown}
 o - a potion of mutation {unknown}
 q - a potion of might {unknown}
 r - 2 potions of agility {unknown}
 s - a potion of cancellation {unknown}
Comestibles
 f - 11 rations
 p - 3 chunks of flesh


   Skills:
 + Level 3.3 Fighting
 * Level 4.5 Maces & Flails
 - Level 1.7 Throwing
 + Level 3.1 Dodging
 + Level 1.7 Shields


You had 4 spell levels left.
You didn't know any spells.
Your spell library was empty.

Dungeon Overview and Level Annotations

Branches:
Dungeon (3/15)

Altars:
Elyvilon


Innate Abilities, Weirdness & Mutations

You are resistant to torment.
Your stone body is resilient. (AC +4)
You are immune to poison.
You resist negative energy. (rN+)
You are resistant to electric shocks. (rElec)
You can survive without breathing.
You are immune to petrification.
You are immune to rotting.


Message History

You are too injured to fight recklessly!
You are too injured to fight recklessly!
You are too injured to fight recklessly!
You are too injured to fight recklessly!
You are too injured to fight recklessly!
You are too injured to fight recklessly!
You are too injured to fight recklessly!
You are too injured to fight recklessly!
You are too injured to fight recklessly!
You are too injured to fight recklessly!
You are too injured to fight recklessly!
You are too injured to fight recklessly!
You are too injured to fight recklessly!
You are too injured to fight recklessly!
You are too injured to fight recklessly!
You are too injured to fight recklessly!
You are too injured to fight recklessly!
The orc priest invokes the aid of Beogh against you.
Beogh smites you!
You die...

### ... #b. #o#
#o# #o# #@# #.#
#.# #.# #.# ####
##### #.# ...#
##...## #.# ##.#
#.###.####.#
#.####.#........#


You could see an orc priest, 2 orcs and a bat.

Vanquished Creatures
  Jessica (D:2)
  3 gnolls
  5 adders
  An ooze (D:1)
  2 worms (D:2)
  3 leopard geckos
  6 giant cockroaches
  4 goblins
  2 hobgoblins (D:1)
  6 jackals
  A ball python (D:1)
  7 bats
  2 frilled lizards (D:1)
  A kobold (D:2)
  12 rats
56 creatures vanquished.

Notes
Turn   | Place    | Note
-------+----------+-------------------------------------------
     0 | D:1      | Infinimo the Gargoyle Gladiator began the quest for the
                  | Orb.
     0 | D:1      | Reached XP level 1. HP: 12/12 MP: 1/1
   272 | D:1      | Reached XP level 2. HP: 18/18 MP: 2/2
   905 | D:1      | Reached XP level 3. HP: 14/22 MP: 3/3
  1152 | D:2      | Noticed Jessica
  1159 | D:2      | Killed Jessica
  1337 | D:2      | Reached XP level 4. HP: 18/27 MP: 4/4
  1511 | D:2      | Reached skill level 4 in Maces & Flails
  1654 | D:2      | Reached skill level 1 in Shields
  2346 | D:2      | Reached XP level 5. HP: 31/32 MP: 5/5
  2605 | D:3      | Found a white marble altar of Elyvilon.
  2854 | D:3      | Killed from afar by an orc priest

Skill      XL: |  1  2  3  4 |
---------------+-------------+-----
Maces & Flails | 4 |  4.5
Fighting       | 3 |  3.3
Shields        | 1 |  1.7
Dodging        | 3 |  3.1
Throwing       | |  1.7

Action                   |  1- 3 |  4- 6 || total
-------------------------+-------+-------++-------
Melee: Flail             |    98 |   155 ||   253
  Use: Scroll            |       |     5 ||     5
 Stab: Sleeping          |     1 |       ||     1
  Eat: Chunk             |     1 |     6 ||     7
Armor: Leather armour    |    38 |    77 ||   115
Dodge: Dodged            |    69 |   127 ||   196
Block: Buckler           |     5 |    40 ||    45
